 Dungeon Crawl Stone Soup version 0.30-a0-777-ga9a30cbeda (webtiles) character file.

Game seed: 679239281629421407

1528 avis the Skirmisher (level 8, -8/67 HPs)
             Began as a Demigod Hunter on Feb 14, 2023.
             Mangled by a wyvern (10 damage)
             ... on level 5 of the Dungeon.
             The game lasted 00:30:35 (5255 turns).

avis the Skirmisher (Demigod Hunter)                Turns: 5255, Time: 00:30:35

Health: -8/67      AC:  4    Str: 17 (18) XL:     8   Next: 29%
Magic:  10/10      EV: 14    Int: 11      God:
Gold:   22         SH:  0    Dex: 25      Spells: 7/7 levels left

rFire   . . .      SeeInvis .    w - +1 dagger (vamp)
rCold   . . .      Faith    .    (no shield)
rNeg    . . .      Spirit   .    c - +0 leather armour
rPois   .          Reflect  .    (no helmet)
rElec   .          Harm     .    (no cloak)
rCorr   .          Rampage  .    j - +0 pair of gloves
Will    .....                    (no boots)
Stlth   +++                      y - amulet of regeneration
HPRegen 1.11/turn                s - +6 ring of strength
MPRegen 0.12/turn                (no ring)

@: no status effects
A: high MP 1, forlorn, divine attributes, deterioration 1, evolution 1
a: no special abilities


You were on level 5 of the Dungeon.
You visited 2 branches of the dungeon, and saw 6 of its levels.
You also visited: Sewer.

You collected 262 gold pieces.
You spent 240 gold pieces at shops.

Inventory:

Hand Weapons
 a - a +0 shortbow
 b - a +2 dagger of speed
 w - a +1 vampiric dagger (weapon)
Missiles
 v - 3 silver boomerangs
Armour
 c - a +0 leather armour (worn)
 j - a +0 pair of gloves (worn)
Jewellery
 s - a +6 ring of strength (left hand)
 t - a ring of ice
 y - an amulet of regeneration (around neck)
Wands
 p - a wand of polymorph (8)
 D - a wand of mindburst (14)
Scrolls
 e - a scroll of magic mapping {unknown}
 g - a scroll of silence {unknown}
 h - a scroll of acquirement {unknown}
 i - 3 scrolls of teleportation {unknown}
 l - 2 scrolls of butterflies {unknown}
 m - a scroll of enchant weapon {unknown}
 n - 3 scrolls of noise {unknown}
 r - 2 scrolls of enchant armour
 x - a scroll of blinking {unknown}
 E - a scroll of amnesia {unknown}
Potions
 d - a potion of heal wounds {unknown}
 f - a potion of degeneration {unknown}
 k - 2 potions of flight
 o - a potion of cancellation
 u - a potion of mutation


   Skills:
 * Level 4.7 Fighting
 - Level 8.0 Ranged Weapons
 - Level 4.0 Dodging
 - Level 4.0 Stealth


You had 7 spell levels left.
You didn't know any spells.
Your spell library contained the following spells:

 Spells                   Type           Power      Damage    Failure   Level
 Apportation              Tloc           0%         N/A       41%         1
 Magic Dart               Conj           0%         1d3       41%         1
 Necrotise                Necr           0%         1d4       41%         1
 Summon Small Mammal      Summ           0%         N/A       41%         1
 Cigotuvi's Dreadful Rot  Necr/Pois/Air  0%         N/A       54%         2
 Searing Ray              Conj           0%         2d4       54%         2
 Dispel Undead            Necr           0%         3d6       99%         4
 Fulminant Prism          Conj/Hex       0%         3d5       99%         4
 Death Channel            Necr           0%         N/A       100%        6


Dungeon Overview and Level Annotations

Branches:
Dungeon (5/15)             Temple (1/1) D:4           Sewer (visited)

Shops:
D:4 *


Innate Abilities, Weirdness & Mutations

You have an increased reservoir of magic. (+10% MP)
You shall have no god before yourself.
Your divine heritage dramatically boosts your attributes as you level up.
Your body sometimes deteriorates upon taking damage.
You have hidden genetic potential.


Message History

The arrow hits the scorpion!
The scorpion is almost dead.
The wyvern bites you!
* * * LOW HITPOINT WARNING * * *
The wyvern closely misses you.
You feel better. The wyvern misses you.
Okay, then.
Okay, then.
Adjust (i)tems, (s)pells, or (a)bilities?
i - a +1 vampiric dagger Adjust to which letter? (? for menu, Esc to quit)
w - a +1 vampiric dagger;
i - 3 scrolls labelled GYSIYR KOIFF You feel a sense of dread.
w - a +1 vampiric dagger (weapon)
The wyvern misses you.
You hit the wyvern.
You feel better.
The wyvern is moderately wounded.
The wyvern closely misses you. The wyvern barely misses you.
You hit the wyvern but do no damage.
The wyvern is moderately wounded.
The wyvern bites you.
You hit the wyvern.
The wyvern is heavily wounded.
The wyvern misses you. The wyvern bites you.
You hit the wyvern.
You feel better.
The wyvern is heavily wounded.
The wyvern bites you.
You hit the wyvern.
You feel better.
The wyvern is severely wounded.
The wyvern barely misses you. The wyvern bites you!!
* * * LOW HITPOINT WARNING * * *
It was a potion of mutation.
You feel extremely strange.
You feel a hidden potential growing inside you.
You feel yourself wasting away. The wyvern bites you!
* * * LOW HITPOINT WARNING * * *
Your body deteriorates!
You feel weakened.
It was a potion of cancellation.
You feel magically purged. The wyvern bites you!
You die...

##.##.......##.#
.#.###.....###.#
.#..)###'#####.###
...##)...####....#
...####..........#
####
######.....#########
##.............
####.#.###### #@#.#
#l#.# #s#.#
#....'o#.#
#....#.#.#
##..##.#.# #+# #.#.#
#.# #.#


You could see a wyvern, a scorpion and an orc.

Vanquished Creatures
  Pikel (D:4)
  Sigmund (D:4)
  2 water moccasins
  A lemure (D:4)
  A scorpion (D:4)
  2 hounds
  A gnoll bouda (D:5)
  A jelly (D:5)
  An orc priest (D:5)
  Natasha (thrice) (D:2)
  2 iguanas
  3 orc wizards
  10 adders
  3 gnolls (D:5)
  2 river rats (D:3)
  3 worms (D:3)
  5 dart slugs
  24 orcs
  8 ball pythons
  5 endoplasms
  2 giant cockroaches (D:1)
  6 goblins
  7 hobgoblins
  8 jackals
  3 quokkas
  7 bats
  4 frilled lizards (D:1)
  6 kobolds
  6 rats
128 creatures vanquished.

Vanquished Creatures (others)
  10 plants (D:4)
10 creatures vanquished.

Grand Total: 138 creatures vanquished

Notes
Turn   | Place    | Note
-------+----------+-------------------------------------------
     0 | D:1      | avis the Demigod Hunter began the quest for the Orb.
     0 | D:1      | Reached XP level 1. HP: 17/17 MP: 3/3
   142 | D:1      | Reached skill level 4 in Ranged Weapons
   157 | D:1      | Reached XP level 2. HP: 24/24 MP: 4/4
   197 | D:1      | Reached skill level 1 in Stealth
   736 | D:2      | Reached XP level 3. HP: 19/29 MP: 5/5
  1234 | D:2      | Noticed Natasha
  1273 | D:2      | Killed Natasha
  1274 | D:2      | Reached XP level 4. HP: 28/38 MP: 6/6
  1454 | D:2      | Noticed Natasha
  1456 | D:2      | Killed Natasha
  1730 | D:2      | Noticed Natasha
  1740 | D:2      | Killed Natasha
  1959 | D:3      | Noticed a +0 falchion
  1959 | D:3      | Noticed a +0 spear
  1959 | D:3      | Noticed a +0 spear
  1961 | D:3      | Noticed a +0 dagger
  1961 | D:3      | Noticed a +0 short sword
  1961 | D:3      | Noticed a +0 short sword
  1961 | D:3      | Noticed a +0 dagger
  1986 | D:3      | Reached skill level 5 in Ranged Weapons
  1990 | D:3      | Reached XP level 5. HP: 45/45 MP: 7/7
  2028 | D:3      | Found a glowing drain.
  2053 | Sewer    | Entered a sewer
  2158 | Sewer    | Noticed a water moccasin
  2181 | Sewer    | Killed a water moccasin
  2182 | Sewer    | Reached skill level 6 in Ranged Weapons
  2182 | Sewer    | Reached XP level 6. HP: 51/51 MP: 8/8
  2652 | D:3      | Noticed a +0 falchion
  3686 | D:4      | Noticed Sigmund
  3694 | D:4      | Killed Sigmund
  3695 | D:4      | Reached XP level 7. HP: 51/59 MP: 9/9
  4002 | D:4      | Found a staircase to the Ecumenical Temple.
  4449 | D:4      | Found Oned's General Store.
  4622 | D:4      | Noticed Pikel
  4651 | D:4      | Killed Pikel
  4652 | D:4      | Reached skill level 8 in Ranged Weapons
  4652 | D:4      | Reached XP level 8. HP: 16/66 MP: 10/10
  4847 | D:4      | Bought a potion of curing for 39 gold pieces
  4847 | D:4      | Bought a scroll of identify for 26 gold pieces
  4847 | D:4      | Bought a scroll of enchant armour for 97 gold pieces
  4847 | D:4      | Bought a scroll of identify for 26 gold pieces
  4847 | D:4      | Bought a scroll of vulnerability for 52 gold pieces
  4871 | Temple   | Entered the Ecumenical Temple
  4909 | D:5      | Entered Level 5 of the Dungeon
  5254 | D:5      | Gained mutation: You have hidden genetic potential. [potion
                  | of mutation]
  5254 | D:5      | Gained mutation: Your body sometimes deteriorates upon
                  | taking damage. [potion of mutation]
  5254 | D:5      | HP: 1/67 [wyvern (10)]
  5255 | D:5      | Mangled by a wyvern

Illustrated notes

Levels and vault maps discovered:
D:1:      roderic_crossed_star, layout_basic
D:2:      layout_basic, uniq_natasha
D:3:      layout_basic, nicolae_uskayaw_en_pointe, kennysheep_orc_sif_temple,
          gup_sewer_entry_bubbles, nicolae_wormholes
D:4:      wad_lake_hut, layout_layer_cave, nicolae_overflow_crystal_walls,
          serial_shops, shop_statue, uniq_pikel, uniq_sigmund
D:5:      minmay_bubble_buster, layout_basic, nicolae_vehumet_altar_sigil,
          amcnicky_altar_lugonu_corruption
Temple:   nicolae_temple_superstar

Skill      XL: |  1  2  3  4  5  6  7  8 |
---------------+-------------------------+-----
Fighting       | 2 3 4 |  4.7
Ranged Weapons | 4 5 6 8 |  8.0
Dodging        | 2 3 4 |  4.0
Stealth        | 2 3 4 |  4.0

Action                     |  1- 3 |  4- 6 |  7- 9 || total
---------------------------+-------+-------+-------++-------
  Melee: Dagger            |       |       |     5 ||     5
   Fire: Shortbow          |   117 |   201 |   116 ||   434
    Use: Potion            |       |       |     3 ||     3
         Scroll            |       |       |     2 ||     2
 Armour: Leather armour    |    10 |    33 |     4 ||    47
  Dodge: Dodged            |    21 |    99 |    32 ||   152

Table legend: (Time is in decaauts)
 A = Elapsed time spent in this place.
 B = Non-inter-level travel time spent in this place.
 C = Inter-level travel time spent in this place.
 D = Time resting spent in this place.
 E = Time spent auto-exploring this place.
 F = Levels seen in this place.
 G = Mean time per level.
                   A        B        C        D        E       F      G
               +--------+--------+--------+--------+--------+-----+--------+
         Total |   5459 |   4764 |    695 |    730 |   2246 |   7 |  779.9 |
       Dungeon |   5253 |   4558 |    695 |    684 |   2246 |   5 | 1050.6 |
        Temple |      8 |      8 |      0 |      0 |      0 |   1 |    8.0 |
         Sewer |    197 |    197 |      0 |     46 |      0 |   1 |  197.0 |
               +--------+--------+--------+--------+--------+-----+--------+

Top non-repeatable levels by time:
     D:4: 1644 daAuts
     D:2: 1330 daAuts
     D:3: 1310 daAuts
     D:1: 670 daAuts
     D:5: 297 daAuts
   Sewer: 197 daAuts
  Temple: 8 daAuts
